[Event "ROM-GER Kings"]
[Site "Medias"]
[Date "2015.11.02"]
[Round "4.2"]
[White "Lupulescu, Constantin"]
[Black "Fridman, Daniel"]
[Result "1/2-1/2"]
[ECO "D36"]
[WhiteElo "2626"]
[BlackElo "2649"]
[Annotator "Bulmaga,I"]
[PlyCount "80"]
[EventDate "2015.10.30"]
[EventType "schev"]
[EventRounds "5"]
[EventCountry "ROU"]
[SourceTitle "CBM 169"]
[Source "ChessBase"]
[SourceDate "2015.11.10"]
[SourceVersion "1"]
[SourceVersionDate "2015.11.10"]
[SourceQuality "1"]
[WhiteTeam "Romania"]
[BlackTeam "Germany"]
[WhiteTeamCountry "ROU"]
[BlackTeamCountry "GER"]
[TimeControl "40/5400+30:1800+30"]

1. c4 e6 2. Nc3 d5 3. d4 Nf6 4. cxd5 exd5 5. Bg5 c6 6. Qc2 h6 7. Bh4 Be6 8. e3
Nbd7 9. f3 $6 {[#]} (9. Bd3 g5 10. Bg3 Nh5) 9... c5 {Ein guter Zug, nach dem
Schwarz keine Probleme mehr zu haben scheint.} 10. Bd3 cxd4 11. exd4 Bd6 12.
Nge2 O-O 13. O-O Qc7 {[#]} 14. Bg3 (14. f4 $5 Bg4 15. h3 Bxe2 16. Qxe2 Bxf4 $6
(16... Qb6 17. Rad1 $13) 17. Qf3 $14) 14... Rac8 15. Bxd6 Qxd6 16. Qd2 Rc6 17.
b3 Nb6 18. Nb5 Qb8 19. Rac1 Rfc8 20. Rxc6 Rxc6 21. Rc1 Rxc1+ 22. Qxc1 Bd7 23.
Qf4 Qxf4 24. Nxf4 {Das Remis scheint nicht mehr weit zu sein. Das beinahe
symmetrische Endspiel bietet beiden Seiten wenig Möglichkeiten.} Bxb5 25. Bxb5
Nc8 26. Kf2 Kf8 27. h4 g5 28. hxg5 hxg5 29. Nh3 g4 30. Nf4 gxf3 31. gxf3 Ne7
32. Bd3 Ne8 33. Ke3 Nc7 34. Ne2 Kg7 35. Kf4 Kf6 36. Nc3 Ne6+ 37. Ke3 Nc7 38.
Kf4 Ne6+ 39. Ke3 Nc7 40. Kf4 Ne6+ 1/2-1/2

[Event "ROM-GER Kings"]
[Site "Medias"]
[Date "2015.10.30"]
[Round "1.1"]
[White "Parligras, Mircea Emilian"]
[Black "Fridman, Daniel"]
[Result "1/2-1/2"]
[ECO "D36"]
[WhiteElo "2586"]
[BlackElo "2649"]
[Annotator "Bulmaga/Rogozenco,D"]
[PlyCount "67"]
[EventDate "2015.10.30"]
[EventType "schev"]
[EventRounds "5"]
[EventCountry "ROU"]
[SourceTitle "CBM 169"]
[Source "ChessBase"]
[SourceDate "2015.11.10"]
[SourceVersion "1"]
[SourceVersionDate "2015.11.10"]
[SourceQuality "1"]
[WhiteTeam "Romania"]
[BlackTeam "Germany"]
[WhiteTeamCountry "ROU"]
[BlackTeamCountry "GER"]
[TimeControl "40/5400+30:1800+30"]

1. c4 e6 2. Nc3 d5 3. d4 Nf6 4. cxd5 exd5 5. Bg5 c6 6. Qc2 Be7 7. e3 Nbd7 8.
Bd3 Nh5 9. Bxe7 Qxe7 10. Nge2 g6 11. O-O O-O 12. Rae1 Nb6 13. Nc1 Ng7 14. f3
Bf5 $5 {[#]Wie GM Fridman nach der Partie erwähnte, tauchte diese Stellung
während seiner Vorbereitung kurz auf und er kannte die interessante Idee,
Weiß mit Bf5 zum Vorstoß e4 zu provozieren, wonach Schwarz den Läufer
wieder zurückzieht und das weiße Zentrum mit ...f5 angreift.} 15. e4 dxe4 16.
fxe4 Be6 {[#]} 17. e5 {Der prinzipiellste Zug. Weiß will die schwarzen Felder
unter seine Kontrolle bringen.} (17. Qf2 {Nach der Partie meinte Fridman,
diese Fortsetzung hätte ihm ein bisschen Sorgen bereitet.} f5 18. exf5 Nxf5
$13 {sieht jedoch gut für Schwarz aus.}) (17. Qd2 $5 {"Um die Dame nach h6 zu
bringen, war eine interessante Idee", meinte Fridman nach der Partie.} Nc4 18.
Qh6 Nxb2 19. Bc2 Nc4 {aber Schwarz hat ausreichend Verteidigungsressourcen und
einen Bauern mehr.}) 17... f5 $1 {"Die Pointe dieses Aufbaus", meinte Rustam
Kasimdzhanov. Ein guter Zug, der sich gegen die weiße Idee richtet, seinen
Springer auf c3 nach "f6" oder "d6" zu bringen.} 18. exf6 Rxf6 19. Rxf6 Qxf6
20. Nb3 Rf8 (20... Bxb3 21. Qxb3+ Kh8 $11) 21. Rf1 (21. Ne4 Qh4 22. g3 Qd8 $11)
21... Bxb3 {Führt zu zahlreichen Vereinfachungen und einer mehr oder weniger
ausgeglichenen Stellung.} (21... Qh4 22. Rxf8+ Kxf8 23. g3 Qf6 24. Ne4 $11) 22.
Rxf6 (22. Qxb3+ Qe6 23. Rxf8+ Kxf8 24. Qb4+ Qe7 25. Qxe7+ Kxe7 26. Kf2) 22...
Bxc2 23. Rxf8+ Kxf8 24. Bxc2 Ne6 25. Ne2 Nd5 26. Kf2 Ke7 27. h4 Kf6 28. Kf3 h5
29. g3 Ne7 30. Bb3 Kf5 31. Bc2+ Kf6 32. Bb3 Kf5 33. Bc2+ Kf6 34. Bb3 1/2-1/2